 Dungeon Crawl Stone Soup version 0.30.0-17-ge0270778cf (webtiles) character file.

Game seed: 17781752828261080376

2536 Kenran the Spear-Bearer (level 9, -2/69 HPs)
             Began as a Formicid Fighter on May 21, 2023.
             Was an Initiate of Wu Jian.
             Slain by a troll (5 damage)
             ... on level 7 of the Dungeon.
             The game lasted 00:12:30 (6603 turns).

Kenran the Spear-Bearer (Formicid Fighter)          Turns: 6603, Time: 00:12:30

Health: -2/69      AC: 13    Str: 29    XL:     9   Next: 85%
Magic:  0/9        EV:  7    Int:  8    God:    Wu Jian [......]
Gold:   235        SH:  5    Dex: 15    Spells: 8/8 levels left

rFire   . . .        p - +0 battleaxe
rCold   . . .        c - +0 buckler
rNeg    + . .        C - +0 plate armour
rPois   .            (helmet unavailable)
rElec   .            (no cloak)
rCorr   .            D - +0 pair of gloves
SInv    +            z - +0 pair of boots
Will    .....        j - amulet of guardian spirit Stlth
                     f - +6 ring of strength
HPRegen 0.31/turn    b - ring of positive energy
MPRegen 0.11/turn

%: guardian spirit
@: no status effects
A: permanent stasis, dig shafts and tunnels, antennae 3, four strong arms
a: Dig, Shaft Self, Renounce Religion


You were on level 7 of the Dungeon.
You worshipped Wu Jian.
Wu Jian was noncommittal.
You visited 2 branches of the dungeon, and saw 8 of its levels.
You also visited: Sewer.

You collected 377 gold pieces.
You spent 142 gold pieces at shops.

Inventory:

Hand Weapons
 a - a +0 trident
 p - a +0 battleaxe (weapon)
Armour
 c - a +0 buckler (worn)
 z - a +0 pair of boots (worn)
 C - a +0 plate armour (worn)
 D - a +0 pair of gloves (worn)
 E - a +0 cloak
Jewellery
 b - a ring of positive energy (right hand)
 f - a +6 ring of strength (left hand)
 j - an amulet of guardian spirit (around neck)
 y - a ring of flight
 G - a +6 ring of strength
Wands
 w - a wand of paralysis (2)
 A - a wand of polymorph (3)
Scrolls
 d - a scroll of magic mapping
 e - 3 scrolls of fear
 h - a scroll of enchant armour {unknown}
 i - 2 scrolls of immolation {!r}
 l - a scroll of amnesia {unknown}
 n - 2 scrolls of brand weapon
 o - 2 scrolls of teleportation {unknown}
 s - a scroll of poison {!r}
 t - a scroll of summoning
 u - a scroll of silence {unknown}
 v - a scroll of vulnerability {unknown}
 B - a scroll of torment {unknown}
Potions
 g - a potion of curing {@q1}
 k - 2 potions of ambrosia
 m - a potion of lignification {unknown}
 q - 2 potions of magic {unknown}
 r - 3 potions of heal wounds {@q2}
 x - a potion of brilliance {unknown}
 F - a potion of cancellation {unknown}


   Skills:
 - Level 6.0 Fighting
 + Level 5.7(8.6) Axes
 - Level 10.0(10.7) Polearms
 - Level 3.2 Armour
 - Level 4.0 Shields
 - Level 3.0 Evocations


You had 8 spell levels left.
You didn't know any spells.
Your spell library contained the following spells:

 Spells                   Type           Power      Damage    Failure   Level
 Poisonous Vapours        Pois/Air       0%         N/A       100%        2
 Dazzling Flash           Conj/Hex       0%         N/A       100%        3
 Ignite Poison            Fire/Tmut/Pois 0%         N/A       100%        3
 Mephitic Cloud           Conj/Pois/Air  0%         N/A       100%        3
 Sticky Flame             Conj/Fire      0%         2d3       100%        4
 Agony                    Necr           0%         N/A       100%        5
 Freezing Cloud           Conj/Ice/Air   0%         6-21      100%        5
 Silence                  Hex/Air        0%         N/A       100%        5
 Borgnjor's Revivificati  Necr           0%         N/A       100%        8
 Ignition                 Fire           0%         3d3       100%        8
 Necromutation            Tmut/Necr      0%         N/A       100%        8
 Death's Door             Necr           0%         N/A       100%        9


Dungeon Overview and Level Annotations

Branches:
Dungeon (7/15)             Temple (1/1) D:6           Sewer (visited)

Altars:
Cheibriados
Gozag
Kikubaaqudgha
Makhleb
Sif Muna
Uskayaw
Wu Jian
Yredelemnul
The Shining One

Shops:
D:3 ?*


Innate Abilities, Weirdness & Mutations

You cannot be hasted, slowed, berserked, paralysed or teleported.
You can dig through walls and to a lower floor.
You have a pair of large antennae on your head. (SInv)
Your four strong arms can wield two-handed weapons with a shield.


Message History

It was a potion of heal wounds.
You feel much better. The troll bites you.
The troll claws you but does no damage. You block the troll's attack.
You barely miss the troll.
The troll is lightly wounded.
The troll bites you but does no damage. You block the troll's attack.
The troll claws you.
You closely miss the troll.
The troll is lightly wounded.
The troll barely misses you. The troll closely misses you.
The troll claws you but does no damage. The troll bites you but does no damage.
The troll claws you. The troll claws you but does no damage.
You closely miss the troll. The troll bites you but does no damage.
The troll barely misses you. The troll claws you!
You hit the troll but do no damage. The troll bites you but does no damage.
The troll claws you. x2
You barely miss the troll. The troll bites you!
* * * LOW HITPOINT WARNING * * *
The troll claws you!
* * * LOW HITPOINT WARNING * * *
The troll claws you but does no damage.
You slash the troll!
The troll is moderately wounded.
The troll bites you but does no damage. The troll closely misses you.
The troll claws you but does no damage. The troll barely misses you.
The troll claws you but does no damage. The troll barely misses you.
You hit the troll but do no damage.
The troll is lightly wounded.
The troll barely misses you. You block the troll's attack.
The troll claws you but does no damage.
You slash the troll!
The troll is heavily wounded.
The troll bites you.
* * * LOW HITPOINT WARNING * * *
The troll claws you but does no damage. x2
You barely miss the troll.
The troll is moderately wounded.
The troll bites you!
* * * LOW HITPOINT WARNING * * *
The troll claws you.
You die...

...# #........#
...#####........###
.....##............
.........)......#
....#.#.........#
.......)........#
▓▓▓▓.▓▓▓▓▓....$.##
|.▓▓.▓▓ ▓..)..T.###..#
.)▓...▓ ▓..).{#@.....#
▓▓..▓..▓ ▓....##........
▓..▓▓▓..▓▓....##....#.##
..▓▓ ▓................
▓..▓ ▓.$▓▓........#.#...
▓▓..▓.. ▓▓.#.....##.# #.
{ ▓... ▓.#....## . ▓.▓▓
▓....### .. .▓ ▓..###


You could see a troll.

Vanquished Creatures
  A two-headed ogre (D:7)
  Prince Ribbit (D:5)
  Eustachio (D:6)
  A water moccasin (D:6)
  A sky beast (D:5)
  3 ogres
  4 kobold brigands (Sewer)
  Blork the orc (D:6)
  A scorpion (D:6)
  4 hounds
  2 jellies (D:4)
  An orc priest (D:5)
  A sleepcap (D:5)
  Jessica (D:3)
  2 iguanas (D:6)
  5 orc wizards
  2 gnolls (D:7)
  15 adders
  A river rat (Sewer)
  An ufetubus (D:4)
  9 worms
  3 dart slugs
  15 orcs
  12 ball pythons
  8 endoplasms
  6 giant cockroaches
  5 goblins
  8 hobgoblins
  7 jackals
  13 kobolds
  4 quokkas
  7 bats
  4 frilled lizards
  9 rats
159 creatures vanquished.

Vanquished Creatures (others)
  An orc wizard (D:5)
1 creature vanquished.

Grand Total: 160 creatures vanquished

Notes
Turn   | Place    | Note
-------+----------+-------------------------------------------
     0 | D:1      | Kenran the Formicid Fighter began the quest for the Orb.
     0 | D:1      | Reached XP level 1. HP: 18/18 MP: 1/1
   149 | D:1      | Reached XP level 2. HP: 20/24 MP: 2/2
   233 | D:1      | Reached skill level 3 in Polearms
   332 | D:1      | Reached XP level 3. HP: 26/29 MP: 3/3
   925 | D:2      | Found a snail-covered altar of Cheibriados.
  1023 | D:2      | Reached skill level 4 in Polearms
  1023 | D:2      | Reached XP level 4. HP: 17/35 MP: 4/4
  1937 | D:3      | Noticed Jessica
  1940 | D:3      | Killed Jessica
  1941 | D:3      | Reached XP level 5. HP: 41/41 MP: 5/5
  1965 | D:3      | Found Xuuliur's Magic Scroll Shoppe.
  1971 | D:3      | Bought a scroll of identify for 28 gold pieces
  1971 | D:3      | Bought a scroll of identify for 28 gold pieces
  1974 | D:3      | Found Liptol's Assorted Antiques.
  1983 | D:3      | Bought a gluggy clear potion for 14 gold pieces
  2051 | D:3      | Reached skill level 5 in Polearms
  2094 | D:3      | Found a glowing drain.
  2098 | Sewer    | Entered a sewer
  2244 | Sewer    | Noticed a kobold brigand
  2254 | Sewer    | Killed a kobold brigand
  2255 | Sewer    | Reached skill level 6 in Polearms
  2255 | Sewer    | Reached XP level 6. HP: 35/47 MP: 6/6
  2475 | Sewer    | Reached skill level 7 in Polearms
  2475 | Sewer    | Reached XP level 7. HP: 10/52 MP: 7/7
  3269 | D:4      | Found a snail-covered altar of Cheibriados.
  3389 | D:4      | Reached skill level 8 in Polearms
  3571 | D:4      | Found a hide-covered altar of Uskayaw.
  3759 | D:5      | Entered Level 5 of the Dungeon
  3934 | D:5      | Reached XP level 8. HP: 58/58 MP: 8/8
  4210 | D:5      | Noticed Prince Ribbit
  4266 | D:5      | Killed Prince Ribbit
  4267 | D:5      | Reached skill level 9 in Polearms
  4701 | D:5      | Reached skill level 10 in Polearms
  5170 | D:3      | Bought a pair of gloves for 72 gold pieces
  5334 | D:6      | Reached XP level 9. HP: 66/66 MP: 9/9
  5358 | D:6      | Found a staircase to the Ecumenical Temple.
  5372 | Temple   | Entered the Ecumenical Temple
  5444 | Temple   | Became a worshipper of the Wu Jian Council
  5585 | D:6      | Found an opulent altar of Gozag.
  5606 | D:6      | Noticed Eustachio
  5656 | D:6      | Killed Eustachio
  5657 | D:6      | Reached skill level 5 in Fighting
  5719 | D:6      | Found a basalt altar of Yredelemnul.
  5807 | D:6      | Noticed Blork the orc
  5814 | D:6      | Killed Blork the orc
  6194 | D:6      | Found a burning altar of Makhleb.
  6451 | D:7      | Noticed a two-headed ogre
  6455 | D:7      | Killed a two-headed ogre
  6456 | D:7      | Reached skill level 5 in Axes
  6576 | D:7      | Noticed a troll
  6577 | D:7      | Noticed a cyclops
  6603 | D:7      | HP: 3/69 [troll (9)]
  6603 | D:7      | Slain by a troll

Illustrated notes

Levels and vault maps discovered:
D:1:      dpeg_arrival_chambers_temple_mockup, layout_loops_ring, nrook_uturn
D:2:      layout_basic, basic_altar, serial_bayou_ford_a, st_stairs_11,
          chequers_hall_statues_wall_a
D:3:      minmay_razor_zed, layout_rooms, serial_shops,
          nicolae_shop_rolling_square, shop, gup_sewer_entry_spiral,
          serial_glass, glass_columns_c, glass_columns_c, uniq_jessica
D:4:      layout_cave_pools, lemuel_round_altar, kennysheep_small_circle
D:5:      layout_loops_corners, uniq_prince_ribbit1
D:6:      layout_basic, amcnicky_altar_gilded, lightli_temple_of_fire,
          nicolae_overflow_crystal_walls, minmay_temple_entry_large_hall,
          nrook_pool_corridor, dk_noncrumbling_3, uniq_blork_the_orc,
          uniq_eustachio
D:7:      layout_cave_pools, okawaru_gym_becter, nicolae_ru_path_of_blood,
          eino_tiny_chamber, minmay_the_grid_2x2 [minmay_the_grid_outer_diamond,
          minmay_the_grid_minigrid_small, minmay_the_grid_armoury,
          minmay_the_grid_prize_four_corners_diamond_a]
Temple:   minmay_temple_curvy_loop

Skill      XL: |  1  2  3  4  5  6  7  8  9 |
---------------+----------------------------+-----
Polearms       | 3 4 6 7 8 10 | 10.0
Evocations     | 3 |  3.0
Fighting       | 4 6 |  6.0
Axes           | 5 |  5.7
Armour         | |  3.2
Shields        | |  4.0

Action                     |  1- 3 |  4- 6 |  7- 9 || total
---------------------------+-------+-------+-------++-------
  Melee: Trident           |   121 |   160 |   327 ||   608
         Battleaxe         |       |       |    50 ||    50
Ability: Lunge             |       |       |     2 ||     2
         Dig               |       |       |     1 ||     1
  Evoke: Wand              |       |       |     3 ||     3
    Use: Potion            |       |     1 |     9 ||    10
         Scroll            |       |       |     9 ||     9
 Armour: Scale mail        |    52 |    10 |       ||    62
         Chain mail        |       |    30 |    47 ||    77
         Plate armour      |       |       |   111 ||   111
  Dodge: Dodged            |    43 |    43 |   111 ||   197
  Block: Buckler           |    24 |    18 |    61 ||   103
